 Dungeon Crawl Stone Soup version 0.25.0-46-gbd7b0854d2 (console) character file.

Game seed: 11423755330465736715

7568 Colgate the Carver (level 10, 86/86 HPs)
             Began as a Pale Draconian Gladiator on July 13, 2020.
             Was an Elder of Okawaru.
             Quit the game on level 9 of the Dungeon.
             The game lasted 02:00:38 (9616 turns).

Colgate the Carver (Pale Draconian Gladiator)       Turns: 9616, Time: 02:00:38

Health: 86/86      AC:  8    Str: 17    XL:     10   Next: 97%
Magic:  18/20      EV: 13    Int: 13    God:    Okawaru [****..]
Gold:   519        SH:  0    Dex: 14    Spells: 4/9 levels left

rFire    x . .     SeeInvis .   F - +9 scimitar {vorpal, rF- rC+ rN+ Int+3}
rCold    + . .     Gourm    .   (no shield)
rNeg     + . .     Faith    .   (armour unavailable)
rPois    .         Spirit   .   b - +0 hat
rElec    .         Reflect  .   H - +0 cloak
rCorr    .         Harm     .   (no gloves)
MR       .....                  (no boots)
Stlth    +.........             (no amulet)
HPRegen  0.24/turn              p - ring of magical power
MPRegen  0.17/turn              M - ring of wizardry

@: very slightly contaminated
A: breathe steam, unfitting armour, cold-blooded, AC +7
a: Breathe Steam, Heroism, Renounce Religion


You were on level 9 of the Dungeon.
You worshipped Okawaru.
Okawaru was greatly pleased with you.
You were near starving.

You visited 2 branches of the dungeon, and saw 10 of its levels.
You also visited: Bailey.

You collected 519 gold pieces.

Inventory:

Hand Weapons
 a - a +3 vorpal shortbow
 h - a +0 hunting sling
 o - a +0 dagger of holy wrath
 F - the +9 scimitar of Stickiness (weapon) {vorpal, rF- rC+ rN+ Int+3}
   (You found it on level 5 of the Dungeon)

   It inflicts extra damage upon your enemies.
   It affects your intelligence (+3).
   It makes you vulnerable to fire.
   It protects you from cold.
   It protects you from negative energy.
Missiles
 g - 189 stones
 s - 269 arrows
 E - 7 poisoned darts (quivered)
 G - 42 bolts
 K - 4 sling bullets
Armour
 b - a +0 hat (worn)
 H - a +0 cloak (worn)
Jewellery
 p - a ring of magical power (left hand)
 u - a +4 ring of evasion
 y - a +6 ring of strength
 D - an uncursed ring of protection from cold
 M - a ring of wizardry (right hand)
Wands
 c - a wand of digging (5)
 C - a wand of flame (21)
 I - a wand of disintegration (9)
Scrolls
 e - 2 scrolls of blinking
 f - a scroll of magic mapping
 k - a scroll of identify
 l - 4 scrolls of teleportation
 n - a scroll of acquirement {unknown}
 r - 3 scrolls of fog
 t - 3 scrolls of amnesia
 v - 7 scrolls of fear
 x - 2 scrolls of remove curse
 A - 3 scrolls of immolation {unknown}
Potions
 i - a potion of curing
 j - a potion of berserk rage
 m - 2 potions of flight
 q - a potion of heal wounds
 w - a potion of stabbing {unknown}
 z - 2 potions of ambrosia
 B - a potion of degeneration
 J - a potion of might {unknown}
Comestibles
 d - 12 rations


   Skills:
 - Level 7.1 Fighting
 + Level 9.8 Long Blades
   Level 4.0 Staves
 - Level 3.0(6.5) Slings
 - Level 5.1 Bows
 - Level 9.1(9.3) Throwing
 - Level 3.0 Dodging
 - Level 1.7 Evocations


You had 4 spell levels left.
You knew the following spells:

 Your Spells              Type           Power        Failure   Level  Hunger
a - Animate Skeleton      Necr           N/A          12%         1    ##.....
b - Poisonous Vapours     Pois/Air       #.....       19%         2    ###....
c - Searing Ray           Conj           #.....       19%         2    ###....

Your spell library contained the following spells:

 Spells                   Type           Power        Failure   Level  Hunger
 Magic Dart               Conj           #...         12%         1    ##.....
 Pain                     Necr           #...         12%         1    ##.....
 Sting                    Tmut/Pois      #...         12%         1    ##.....
 Dazzling Flash           Conj/Hex       #.....       34%         3    ####...
 Ignite Poison            Fire/Tmut/Pois #.......     34%         3    ####...
 Mephitic Cloud           Conj/Pois/Air  #.......     34%         3    ####...
 Vampiric Draining        Necr           #.........   34%         3    ####...
 Animate Dead             Necr           N/A          73%         4    #####..
 Fulminant Prism          Conj/Hex       #.........   73%         4    #####..
 Iskenderun's Mystic Bla  Conj/Tloc      #.......     73%         4    #####..
 Olgreb's Toxic Radiance  Pois           #.......     73%         4    #####..
 Agony                    Necr           #.......     96%         5    ######.


Dungeon Overview and Level Annotations

Branches:
Dungeon (9/15)             Temple (1/1) D:4          Bailey (visited)
   Lair: D:8-11         Orc: D:9-12

Altars:
Cheibriados
Elyvilon
Okawaru
Qazlal
Trog


Innate Abilities, Weirdness & Mutations

You can breathe blasts of scalding, opaque steam.
Your pale cyan-grey scales are hard. (AC +7)
You cannot fit into any form of body armour.
You are cold-blooded and may be slowed by cold attacks.


Message History

The howler monkey zombie is almost destroyed.
The searing ray hits the howler monkey zombie!
You destroy the howler monkey zombie!
Okawaru accepts your kill.
Your magical contamination has completely faded away.
Magic restored.
You now have 519 gold pieces (gained 6). 4 orcs and an orc warrior come into view.
The orc warrior shouts!
The orc shouts! x3
Casting: Searing Ray (safe; 19% risk of failure)
Confirm with . or Enter, or press ? or * to list all spells.
Aiming: Searing Ray (safe; 19% risk of failure)
Press: ? - help, Shift-Dir - straight line You miscast Searing Ray.
You are very lightly contaminated with residual magic.
Nothing appears to happen.
An orc opens the door.
Are you sure you want to abandon this character and quit the game? (Confirm with "yes".)
Okay, then.
Are you sure you want to abandon this character and quit the game? (Confirm with "yes".)

##### #.... #....
+...o### #..o.'. #..o..#
##'#o## #..o.@# #.#.#.#
##.....# #..#.#.#
#######+## #......#
#.......<.
##.#..#######.........
###..#.###....'.........
............####.........
###..######## #<........
#. ##'###### # #.#


You could see an orc warrior and 4 orcs.

Vanquished Creatures
  A two-headed ogre (D:8)
  A deep elf archer (Bailey)
  The ghost of iamserjio the Chiller, a novice GnIE of Cheibriados (D:7)
  8 deep elf magi (Bailey)
  A troll (D:4)
  Menkaure (D:4)
  An acid dragon (D:6)
  2 orc warriors
  An ice beast (D:7)
  A sky beast (D:3)
  2 slaves (D:4)
  2 phantoms (D:5)
  3 centaurs
  An ogre (D:6)
  A big kobold (D:8)
  A crocodile (D:6)
  4 bullfrogs
  A killer bee (D:6)
  4 howler monkeys
  A centaur zombie (D:8)
  4 hounds
  A bullfrog skeleton (D:6)
  An iguana (D:5)
  2 jellies
  A centaur skeleton (D:5)
  4 orc wizards
  9 worker ants
  A howler monkey zombie (D:9)
  7 gnolls
  A worker ant zombie (D:6)
  7 adders
  A river rat (D:6)
  2 adder skeletons (D:5)
  A worm (D:3)
  3 dart slugs
  6 leopard geckos
  23 orcs
  2 giant cockroaches
  14 goblins
  8 hobgoblins
  9 jackals
  A quokka (D:4)
  A ball python (D:1)
  10 bats
  5 frilled lizards
  A giant cockroach zombie (D:5)
  8 kobolds
  A leopard gecko zombie (D:7)
  A quokka skeleton (D:4)
  5 rats
178 creatures vanquished.

Notes
Turn   | Place    | Note
-------+----------+-------------------------------------------
     0 | D:1      | Colgate the Draconian Gladiator began the quest for the
                  | Orb.
     0 | D:1      | Reached XP level 1. HP: 17/17 MP: 1/1
   313 | D:1      | Reached XP level 2. HP: 24/24 MP: 2/2
  1076 | D:2      | Reached XP level 3. HP: 29/29 MP: 3/3
  1130 | D:2      | Reached skill level 1 in Slings
  1136 | D:2      | Reached XP level 4. HP: 16/36 MP: 4/4
  2031 | D:3      | Reached XP level 5. HP: 41/41 MP: 5/5
  2162 | D:3      | Noticed a sky beast
  2195 | D:3      | Killed a sky beast
  2492 | D:3      | Reached XP level 6. HP: 48/48 MP: 6/6
  3441 | D:4      | Found a staircase to the Ecumenical Temple.
  3448 | Temple   | Entered the Ecumenical Temple
  3453 | Temple   | Became a worshipper of Warmaster Okawaru
  3725 | D:4      | Noticed Menkaure
  3736 | D:4      | Killed Menkaure
  3736 | D:4      | Reached skill level 5 in Throwing
  3937 | D:4      | Noticed a slave
  3946 | D:4      | Your scales start taking on a pale cyan-grey colour.
  3946 | D:4      | Reached XP level 7. HP: 52/55 MP: 7/7
  4101 | D:4      | Noticed Pikel
  4336 | D:4      | Found a white marble altar of Elyvilon.
  4532 | D:5      | Entered Level 5 of the Dungeon
  4800 | D:5      | Reached * piety under Okawaru
  5274 | D:5      | Got a transparent scimitar
  5275 | D:5      | Identified the +9 scimitar of Stickiness {vorpal, rF- rC+
                  | rN+ Int+3} (You found it on level 5 of the Dungeon)
  5498 | D:6      | Reached XP level 8. HP: 40/61 MP: 8/8
  5806 | D:6      | Reached skill level 1 in Long Blades
  5928 | D:6      | Reached ** piety under Okawaru
  6581 | D:7      | Found a runed translucent gate.
  6581 | D:7      | Found a runed translucent gate.
  6581 | D:7      | Found a runed translucent gate.
  6581 | D:7      | Noticed iamserjio's ghost (novice GnIE)
  6694 | D:7      | Reached skill level 1 in Bows
  6699 | D:7      | Reached XP level 9. HP: 29/67 MP: 9/9
  7121 | D:7      | Reached skill level 1 in Evocations
  7441 | D:4      | Noticed Pikel
  7441 | D:4      | Pikel changed into Pikel the troll
  7447 | D:4      | Killed Pikel the troll
  7447 | D:4      | Reached skill level 5 in Long Blades
  7926 | D:8      | Found a flagged portal.
  7928 | D:8      | Reached *** piety under Okawaru
  7942 | Bailey   | Entered a bailey
  7964 | Bailey   | Noticed a deep elf mage
  7965 | Bailey   | Noticed a deep elf mage
  7971 | Bailey   | Killed a deep elf mage
  7971 | Bailey   | Reached skill level 5 in Bows
  7971 | Bailey   | Noticed a deep elf mage
  7973 | Bailey   | Killed a deep elf mage
  7973 | Bailey   | Reached skill level 5 in Fighting
  7978 | Bailey   | Killed a deep elf mage
  7978 | Bailey   | Reached XP level 10. HP: 72/83 MP: 9/11
  7982 | Bailey   | Noticed a deep elf mage
  7987 | Bailey   | Noticed a deep elf mage
  7989 | Bailey   | Killed a deep elf mage
  7989 | Bailey   | Received a gift from Okawaru
  7990 | Bailey   | Noticed a deep elf archer
  7995 | Bailey   | Noticed a deep elf mage
  7997 | Bailey   | Noticed a deep elf mage
  8003 | Bailey   | Killed a deep elf mage
  8003 | Bailey   | Reached **** piety under Okawaru
  8004 | Bailey   | Killed a deep elf mage
  8014 | Bailey   | Killed a deep elf mage
  8014 | Bailey   | Received a gift from Okawaru
  8030 | Bailey   | Killed a deep elf archer
  8196 | Bailey   | Noticed a deep elf mage
  8203 | Bailey   | Killed a deep elf mage
  8683 | D:8      | Noticed a two-headed ogre
  8690 | D:8      | Killed a two-headed ogre
  8690 | D:8      | Received a gift from Okawaru
  8911 | D:8      | Learned a level 1 spell: Animate Skeleton
  8914 | D:8      | Learned a level 2 spell: Poisonous Vapours
  9159 | D:8      | Learned a level 2 spell: Searing Ray
  9346 | D:7      | Killed iamserjio's ghost
  9616 | D:9      | Quit the game

Illustrated notes

Levels and vault maps discovered:
D:1:      minmay_arrival_hallway, layout_basic
D:2:      layout_basic
D:3:      layout_basic
D:4:      layout_layer_cave, minmay_temple_entry_mini_moons,
          chequers_serial_rivers_large_a, chequers_serial_rivers_micro_c,
          elyvilon_altar_3, uniq_menkaure, uniq_pikel
D:5:      layout_loops_ring, first_ration
D:6:      layout_rooms, kennysheep_flooded_box
D:7:      layout_rooms, ebering_ghost_rock_garden
D:8:      layout_basic, enter_bailey_3
D:9:      layout_roguey, ebering_ghost_inner_flame, serial_glass,
          glass_columns_a, glass_columns_c, hangedman_little_slice_of_home
Temple:   nicolae_temple_the_god_donut

Skill      XL: |  1  2  3  4  5  6  7  8  9 10 |
---------------+-------------------------------+-----
Dodging        | 3 |  3.0
Staves         | 4 |  4.0
Slings         | 2 3 |  3.0
Throwing       | 2 3 5 7 9 |  9.1
Long Blades    | 3 5 9 |  9.8
Bows           | 2 5 |  5.1
Evocations     | 1 |  1.7
Fighting       | 6 7 |  7.1

Action                   |  1- 3 |  4- 6 |  7- 9 | 10-12 || total
-------------------------+-------+-------+-------+-------++-------
Melee: Quarterstaff      |    55 |   112 |    63 |       ||   230
       Tailslap          |     5 |    11 |    14 |     5 ||    35
       Dagger            |       |     3 |       |       ||     3
       Scimitar          |       |       |    87 |    45 ||   132
       Punch             |       |       |     1 |       ||     1
 Fire: Hunting sling     |    31 |    12 |    37 |       ||    80
       Shortbow          |       |       |    61 |     9 ||    70
Throw: Stone             |    13 |     5 |    11 |       ||    29
       Dart              |     4 |   126 |    47 |       ||   177
       Throwing net      |       |     2 |     3 |       ||     5
 Cast: Searing Ray       |       |       |       |     1 ||     1
Invok: Heroism           |       |       |     1 |     3 ||     4
 Abil: Breathe Steam     |       |       |       |     1 ||     1
Evoke: Wand              |       |       |    14 |     3 ||    17
  Use: Scroll            |       |       |    16 |       ||    16
       Potion            |       |       |       |     1 ||     1
 Stab: Held in net/web   |       |     1 |       |       ||     1
       Sleeping          |       |       |     1 |       ||     1
  Eat: Chunk             |       |     8 |    12 |     2 ||    22
       Ration            |       |       |       |     1 ||     1
Armor: Skin              |    12 |    17 |    29 |     4 ||    62
Dodge: Dodged            |    44 |    81 |   140 |    20 ||   285
       Rpst.: Scimitar   |       |       |    20 |     6 ||    26
